| TOP OF THE 1ST |
|
Idaho Falls Chukars batting - Pitching for Mahoning Valley Scrappers : RHP Mario del Rio
|
|
Pitching: RHP Mario del Rio
|
|
|
Batting: RHB Tim Persson
|
0-0: Ball 1-0: Reached on error, E6 (Groundball, 6, EV 88.8 MPH)
|
|
Batting: RHB Kevin Wimberly
|
0-0: Ball 1-0: Called Strike 1-1: Ball 2-1: Foul Ball, location: 2F 2-2: Foul Ball, location: 2F 2-2: Strikes out swinging
|
|
Batting: LHB Josh Dalton
|
0-0: Called Strike 0-1: Ball 1-1: Ground out U3 (Groundball, 3, EV 83.8 MPH) Tim Persson to third
|
|
Batting: RHB Edwin Ramos
|
0-0: Ball 1-0: Ground out 6-3 (Groundball, 6, EV 78.1 MPH)
|
| Top of the 1st over - 0 runs, 0 hits, 1 error, 1 left on base; Idaho Falls 0 - Mahoning Valley 0 |
| BOTTOM OF THE 1ST |
|
Mahoning Valley Scrappers batting - Pitching for Idaho Falls Chukars : RHP Brett Essary
|
|
Pitching: RHP Brett Essary
|
|
|
Batting: RHB Kenzo Shinoda
|
0-0: Fly out, F8 (Flyball, 8RD, EV 100.6 MPH)
|
|
Batting: RHB John Bianconi
|
0-0: Ball 1-0: Ball 2-0: Swinging Strike 2-1: Ground out 6-3 (Groundball, 6, EV 104.4 MPH)
|
|
Batting: LHB Shane Montalvo
|
0-0: Ball 1-0: Ball 2-0: Foul Ball, location: 2F 2-1: Foul Ball, location: 2F 2-2: Foul Ball, location: 2F 2-2: Foul Ball, location: 2F 2-2: Foul Ball, location: 2F 2-2: DOUBLE (Line Drive, 78D, EV 113.1 MPH)
|
|
Batting: LHB Jeff Palmowski
|
0-0: 2-RUN HOME RUN (Flyball, 78XD, EV 106.2 MPH), Distance : 429 ft
|
|
Batting: RHB Andy Lewis
|
0-0: Ball 1-0: Swinging Strike 1-1: Called Strike 1-2: Ground out 6-3 (Groundball, 6, EV 102.5 MPH)
|
| Bottom of the 1st over - 2 runs, 2 hits, 0 errors, 0 left on base; Idaho Falls 0 - Mahoning Valley 2 |
| TOP OF THE 2ND |
|
Idaho Falls Chukars batting - Pitching for Mahoning Valley Scrappers : RHP Mario del Rio
|
|
Batting: LHB Joe Cozart
|
0-0: Ball 1-0: Fly out, F5 (Popup, 56S, EV 82.5 MPH)
|
|
Batting: RHB Chad Sullivan
|
0-0: Foul Ball, location: 2F 0-1: Ball 1-1: Swinging Strike 1-2: Strikes out looking
|
|
Batting: RHB Chance Argy
|
0-0: Foul Ball, location: 2F 0-1: Ball 1-1: Fly out, F8 (Flyball, 89D, EV 102.5 MPH)
|
| Top of the 2nd over - 0 runs, 0 hits, 0 errors, 0 left on base; Idaho Falls 0 - Mahoning Valley 2 |
| BOTTOM OF THE 2ND |
|
Mahoning Valley Scrappers batting - Pitching for Idaho Falls Chukars : RHP Brett Essary
|
|
Batting: RHB Ricky Cordova
|
0-0: Called Strike 0-1: Foul Ball, location: 2F 0-2: Ball 1-2: Foul Ball, location: 2F 1-2: SINGLE (Groundball, 3D, EV 105.0 MPH)
|
|
Pitching: RHP Justin Potts
|
|
|
Batting: LHB Esteban Cordova
|
0-0: Ball Ricky Cordova steals 2nd base 1-0: Called Strike 1-1: Fly out, F5 (Popup, 5F, EV 65.0 MPH)
|
|
Batting: RHB Anibal Casteles
|
0-0: Swinging Strike 0-1: Swinging Strike 0-2: Hit by Pitch
|
|
Batting: SHB Javon Mitchell
|
0-0: Ball Wild Pitch! Ricky Cordova to third Anibal Casteles to second 1-0: TRIPLE (Groundball, 3L, EV 93.8 MPH) Ricky Cordova scores Anibal Casteles scores
|
|
Batting: RHB Kenzo Shinoda
|
0-0: Foul Ball, location: 2F 0-1: Foul Ball, location: 2F 0-2: Ball 1-2: Foul Ball, location: 2F 1-2: Strikes out swinging
|
|
Batting: RHB John Bianconi
|
0-0: Foul Ball, location: 2F 0-1: Ground out 5-3 (Groundball, 5, EV 81.9 MPH)
|
| Bottom of the 2nd over - 2 runs, 2 hits, 0 errors, 1 left on base; Idaho Falls 0 - Mahoning Valley 4 |
| TOP OF THE 3RD |
|
Idaho Falls Chukars batting - Pitching for Mahoning Valley Scrappers : RHP Mario del Rio
|
|
Batting: LHB Randy Stapleton
|
0-0: Ball 1-0: Ground out 4-3 (Groundball, 4, EV 110.0 MPH)
|
|
Batting: RHB Justin Goff
|
0-0: Ball 1-0: Foul Ball, location: 2F 1-1: Ball 2-1: Ball 3-1: Base on Balls
|
|
Batting: RHB Tim Persson
|
0-0: Fielders Choice at 2nd, 3-6 (Groundball, 34, EV 83.1 MPH)
|
|
Batting: RHB Kevin Wimberly
|
0-0: Called Strike 0-1: Ball 1-1: Called Strike 1-2: Fielders Choice at 2nd, 6-4 (Groundball, 6, EV 108.1 MPH)
|
| Top of the 3rd over - 0 runs, 0 hits, 0 errors, 1 left on base; Idaho Falls 0 - Mahoning Valley 4 |
| BOTTOM OF THE 3RD |
|
Mahoning Valley Scrappers batting - Pitching for Idaho Falls Chukars : RHP Justin Potts
|
|
Batting: LHB Shane Montalvo
|
0-0: Ball 1-0: Swinging Strike 1-1: Called Strike 1-2: Ball 2-2: Foul Ball, location: 2F 2-2: Ground out 4-3 (Groundball, 4, EV 79.4 MPH)
|
|
Batting: LHB Jeff Palmowski
|
0-0: Foul Ball, location: 2F 0-1: Ball 1-1: Called Strike 1-2: Strikes out swinging
|
|
Pitching: RHP John Barnett
|
|
|
Batting: RHB Andy Lewis
|
0-0: Ball 1-0: Ball 2-0: Foul Ball, location: 2F 2-1: DOUBLE (Line Drive, 9LD, EV 104.4 MPH)
|
|
Batting: RHB Ricky Cordova
|
0-0: Ball 1-0: Foul Ball, location: 2F 1-1: Ball 2-1: Called Strike 2-2: Foul Ball, location: 2F 2-2: Ball 3-2: SINGLE (Groundball, 25, EV 70.0 MPH) (infield hit) Andy Lewis to third
|
|
Batting: LHB Esteban Cordova
|
0-0: Ball Ricky Cordova steals 2nd base 1-0: Swinging Strike 1-1: Ball 2-1: Swinging Strike 2-2: Ground out 3-1 (Groundball, 34, EV 82.5 MPH)
|
| Bottom of the 3rd over - 0 runs, 2 hits, 0 errors, 2 left on base; Idaho Falls 0 - Mahoning Valley 4 |
| TOP OF THE 4TH |
|
Idaho Falls Chukars batting - Pitching for Mahoning Valley Scrappers : RHP Mario del Rio
|
|
Batting: LHB Josh Dalton
|
0-0: Ball 1-0: Ball 2-0: Called Strike 2-1: SINGLE (Line Drive, 89M, EV 96.2 MPH)
|
|
Batting: RHB Edwin Ramos
|
0-0: Ball 1-0: Ball 2-0: Foul Ball, location: 2F 2-1: Foul Ball, location: 2F 2-2: Foul Ball, location: 2F 2-2: Ball 3-2: Foul Ball, location: 2F 3-2: Base on Balls Josh Dalton to second
|
|
Batting: LHB Joe Cozart
|
0-0: Fielders Choice at 2nd, 1-6 (Groundball, 34S, EV 66.9 MPH) Josh Dalton to third
|
|
Batting: RHB Chad Sullivan
|
0-0: Grounds into double play, 5-4-3 (Groundball, 5, EV 80.0 MPH)
|
| Top of the 4th over - 0 runs, 1 hit, 0 errors, 1 left on base; Idaho Falls 0 - Mahoning Valley 4 |
| BOTTOM OF THE 4TH |
|
Mahoning Valley Scrappers batting - Pitching for Idaho Falls Chukars : RHP John Barnett
|
|
Batting: RHB Anibal Casteles
|
0-0: Swinging Strike 0-1: Ball 1-1: Ball 2-1: SINGLE (Groundball, 56D, EV 99.4 MPH)
|
|
Pitching: RHP Josh Rutledge
|
|
|
Batting: SHB Javon Mitchell
|
0-0: Called Strike 0-1: Ball 1-1: Ball 2-1: Swinging Strike 2-2: Strikes out looking
|
|
Batting: RHB Kenzo Shinoda
|
0-0: Ball Anibal Casteles steals 2nd base 1-0: Ball 2-0: Called Strike 2-1: SINGLE (Groundball, 5S, EV 66.9 MPH) (infield hit) Anibal Casteles to third
|
|
Batting: RHB John Bianconi
|
0-0: Ball Kenzo Shinoda steals 2nd base 1-0: Ball 2-0: Foul Ball, location: 2F 2-1: Ball 3-1: Fly out, F8 (Flyball, 8LS, EV 76.9 MPH)
|
|
Batting: LHB Shane Montalvo
|
0-0: DOUBLE (Line Drive, 78D, EV 103.1 MPH) Anibal Casteles scores Kenzo Shinoda scores
|
|
Batting: LHB Jeff Palmowski
|
0-0: Ball 1-0: Called Strike 1-1: Swinging Strike 1-2: Strikes out swinging
|
| Bottom of the 4th over - 2 runs, 3 hits, 0 errors, 1 left on base; Idaho Falls 0 - Mahoning Valley 6 |
| TOP OF THE 5TH |
|
Idaho Falls Chukars batting - Pitching for Mahoning Valley Scrappers : RHP Mario del Rio
|
|
Batting: RHB Chance Argy
|
0-0: Ball 1-0: Fly out, F6 (Popup, 15, EV 81.9 MPH)
|
|
Batting: LHB Randy Stapleton
|
0-0: Swinging Strike 0-1: Fly out, F6 (Popup, 6, EV 63.1 MPH)
|
|
Batting: RHB Justin Goff
|
0-0: Ball 1-0: Ball 2-0: Swinging Strike 2-1: Swinging Strike 2-2: SINGLE (Line Drive, 78S, EV 108.8 MPH)
|
|
Batting: RHB Tim Persson
|
0-0: Called Strike 0-1: Foul Ball, location: 2F 0-2: Ball 1-2: Ball 2-2: Ball Wild Pitch! Justin Goff to second 3-2: Ground out 6-3 (Groundball, 6, EV 83.1 MPH)
|
| Top of the 5th over - 0 runs, 1 hit, 0 errors, 1 left on base; Idaho Falls 0 - Mahoning Valley 6 |
| BOTTOM OF THE 5TH |
|
Mahoning Valley Scrappers batting - Pitching for Idaho Falls Chukars : RHP Josh Rutledge
|
|
Pitching: RHP Kevin Tumbleson
|
|
|
Batting: RHB Andy Lewis
|
0-0: Fly out, F7 (Flyball, 7S, EV 88.1 MPH)
|
|
Batting: RHB Ricky Cordova
|
0-0: Ball 1-0: SOLO HOME RUN (Flyball, 7LD, EV 93.1 MPH), Distance : 358 ft
|
|
Batting: LHB Esteban Cordova
|
0-0: Called Strike 0-1: Ball 1-1: Swinging Strike 1-2: Ball 2-2: Foul Ball, location: 2F 2-2: Foul Ball, location: 2F 2-2: DOUBLE (Groundball, 5L, EV 93.8 MPH)
|
|
Batting: RHB Anibal Casteles
|
0-0: Ball 1-0: Ball 2-0: Called Strike 2-1: Ground out 1-3 (Groundball, 13S, EV 73.1 MPH) Esteban Cordova to third
|
|
Batting: SHB Javon Mitchell
|
0-0: Ball 1-0: Ground out 4-3 (Groundball, 4, EV 109.4 MPH)
|
| Bottom of the 5th over - 1 run, 2 hits, 0 errors, 1 left on base; Idaho Falls 0 - Mahoning Valley 7 |
| TOP OF THE 6TH |
|
Idaho Falls Chukars batting - Pitching for Mahoning Valley Scrappers : RHP Mario del Rio
|
|
Batting: RHB Kevin Wimberly
|
0-0: SINGLE (Line Drive, 8LS, EV 108.8 MPH)
|
|
Batting: LHB Josh Dalton
|
0-0: Ball 1-0: SINGLE (Groundball, 3S, EV 71.2 MPH) (infield hit) Kevin Wimberly to second
|
|
Batting: RHB Edwin Ramos
|
0-0: Ball 1-0: Foul Ball, location: 2F 1-1: Fly out, F9 (Flyball, 89M, EV 89.4 MPH)
|
|
Batting: LHB Joe Cozart
|
0-0: Ball 1-0: Fly out, F8 (Flyball, 8LD, EV 93.1 MPH)
|
|
Batting: RHB Chad Sullivan
|
0-0: Ball 1-0: Foul Ball, location: 2F 1-1: Ground out 4-3 (Groundball, 34, EV 85.6 MPH)
|
| Top of the 6th over - 0 runs, 2 hits, 0 errors, 2 left on base; Idaho Falls 0 - Mahoning Valley 7 |
| BOTTOM OF THE 6TH |
|
Mahoning Valley Scrappers batting - Pitching for Idaho Falls Chukars : RHP Kevin Tumbleson
|
|
Batting: RHB Kenzo Shinoda
|
0-0: Ball 1-0: Foul Ball, location: 2F 1-1: Called Strike 1-2: Strikes out looking
|
|
Pitching: RHP Mike Galvin
|
|
|
Batting: RHB John Bianconi
|
0-0: Ball 1-0: Ball 2-0: Ground out 6-3 (Groundball, 6, EV 85.0 MPH)
|
|
Batting: LHB Shane Montalvo
|
0-0: Called Strike 0-1: Ball 1-1: Ball 2-1: TRIPLE (Line Drive, 9LD, EV 105.6 MPH)
|
|
Batting: LHB Jeff Palmowski
|
0-0: Ground out 4-3 (Groundball, 4, EV 106.9 MPH)
|
| Bottom of the 6th over - 0 runs, 1 hit, 0 errors, 1 left on base; Idaho Falls 0 - Mahoning Valley 7 |
| TOP OF THE 7TH |
|
Idaho Falls Chukars batting - Pitching for Mahoning Valley Scrappers : RHP Mario del Rio
|
|
Batting: RHB Chance Argy
|
0-0: Fly out, F7 (Line Drive, 7, EV 89.4 MPH)
|
|
Pinch Hitting: LHB Ernesto Abreu
|
0-0: Ball 1-0: Ground out U3 (Groundball, 13, EV 86.2 MPH)
|
|
Batting: RHB Justin Goff
|
0-0: SINGLE (Groundball, 4M, EV 100.0 MPH)
|
|
Batting: RHB Tim Persson
|
0-0: Foul Ball, location: 2F 0-1: Called Strike 0-2: Ball 1-2: Ball 2-2: Ground out 4-3 (Groundball, 4, EV 108.8 MPH)
|
| Top of the 7th over - 0 runs, 1 hit, 0 errors, 1 left on base; Idaho Falls 0 - Mahoning Valley 7 |
| BOTTOM OF THE 7TH |
|
Mahoning Valley Scrappers batting - Pitching for Idaho Falls Chukars : RHP Mike Galvin
|
|
Now in LF: Ernesto Abreu
|
|
|
Batting: RHB Andy Lewis
|
0-0: SINGLE (Flyball, 8RS, EV 98.1 MPH)
|
|
Batting: RHB Ricky Cordova
|
0-0: Ball Andy Lewis steals 2nd base 1-0: Swinging Strike 1-1: SINGLE (Flyball, 89S, EV 91.9 MPH) Andy Lewis to third Runner from 3rd tries for Home, SAFE, throw by RF to home
|
|
Batting: LHB Esteban Cordova
|
0-0: Ball Ricky Cordova steals 2nd base
|
|
Pinch Runner at 2nd Rico Coss:
|
1-0: Ball 2-0: Hit by Pitch
|
|
Batting: RHB Anibal Casteles
|
0-0: Foul Ball, location: 2F 0-1: DOUBLE (Groundball, 5L, EV 106.2 MPH) Rico Coss scores Esteban Cordova to third
|
|
Pinch Hitting: RHB Mike Persinger
|
0-0: Ball 1-0: SINGLE (Groundball, 4S, EV 73.1 MPH) (infield hit) Esteban Cordova scores Anibal Casteles to third
|
|
Pitching: RHP Bryan Kiefer
|
|
|
Pinch Hitting: SHB Travis Burnett
|
0-0: Swinging Strike 0-1: Ball 1-1: Ball 2-1: Swinging Strike 2-2: Fly out, F8 (Flyball, 8LXD, EV 105.0 MPH) Runner from 3rd tags up, SCORES, no throw by CF
|
|
Pinch Hitting: RHB Jon Metzler
|
0-0: Ball 1-0: Called Strike 1-1: Fielders Choice at 2nd, 5-4 (Groundball, 5, EV 87.5 MPH)
|
|
Batting: LHB Shane Montalvo
|
0-0: DOUBLE (Flyball, 8LD, EV 99.4 MPH) Jon Metzler to third Runner from 3rd tries for Home, SAFE, no throw by CF
|
|
Batting: LHB Jeff Palmowski
|
0-0: Ball 1-0: Fly out, F7 (Flyball, 78S, EV 84.4 MPH)
|
| Bottom of the 7th over - 5 runs, 5 hits, 0 errors, 1 left on base; Idaho Falls 0 - Mahoning Valley 12 |
| TOP OF THE 8TH |
|
Idaho Falls Chukars batting - Pitching for Mahoning Valley Scrappers : RHP Mario del Rio
|
|
Pitching: RHP Bill Snyder
|
|
|
Now at 1B: Justin Eargle
|
|
|
Now at 2B: Andy Lewis
|
|
|
Now at 3B: Mike Persinger
|
|
|
Now at SS: Rico Coss
|
|
|
Now in CF: Ighlas Mwara
|
|
|
Batting: RHB Kevin Wimberly
|
0-0: Ball 1-0: Foul Ball, location: 2F 1-1: Fly out, F8 (Flyball, 78D, EV 90.6 MPH)
|
|
Batting: LHB Josh Dalton
|
0-0: Called Strike 0-1: Fly out, F7 (Flyball, 78D, EV 101.9 MPH)
|
|
Batting: RHB Edwin Ramos
|
0-0: Ball 1-0: Ball 2-0: Ball 3-0: Called Strike 3-1: Foul Ball, location: 2F 3-2: SINGLE (Groundball, 25, EV 70.0 MPH) (infield hit)
|
|
Batting: LHB Joe Cozart
|
0-0: Called Strike 0-1: DOUBLE (Line Drive, 9LS, EV 110.0 MPH) Edwin Ramos to third Runner from 3rd tries for Home, throw by RF and OUT! 9-4-2
|
| Top of the 8th over - 0 runs, 2 hits, 0 errors, 1 left on base; Idaho Falls 0 - Mahoning Valley 12 |
| BOTTOM OF THE 8TH |
|
Mahoning Valley Scrappers batting - Pitching for Idaho Falls Chukars : RHP Bryan Kiefer
|
|
Batting: RHB Andy Lewis
|
0-0: Hit by Pitch
|
|
Batting: RHB Rico Coss
|
0-0: Ball 1-0: Called Strike 1-1: Fielders Choice at 2nd, 1-6 (Groundball, 13S, EV 66.9 MPH)
|
|
Batting: LHB Esteban Cordova
|
0-0: Swinging Strike 0-1: Foul Ball, location: 2F 0-2: Foul Ball, location: 2F 0-2: Foul Ball, location: 2F 0-2: Strikes out swinging
|
|
Pitching: RHP Shane Bruce
|
|
|
Batting: RHB Anibal Casteles
|
0-0: Ball 1-0: Ball 2-0: Foul Ball, location: 2F 2-1: Foul Ball, location: 2F 2-2: Foul Ball, location: 2F 2-2: Strikes out swinging
|
| Bottom of the 8th over - 0 runs, 0 hits, 0 errors, 1 left on base; Idaho Falls 0 - Mahoning Valley 12 |
| TOP OF THE 9TH |
|
Idaho Falls Chukars batting - Pitching for Mahoning Valley Scrappers : RHP Bill Snyder
|
|
Batting: RHB Chad Sullivan
|
0-0: Ball 1-0: Foul Ball, location: 2F 1-1: Foul Ball, location: 2F 1-2: Ball 2-2: Strikes out swinging
|
|
Pitching: RHP Ian Nordquist
|
|
|
Batting: RHB Chance Argy
|
0-0: Ball 1-0: Ball 2-0: Foul Ball, location: 2F 2-1: Called Strike 2-2: Strikes out swinging
|
|
Batting: LHB Ernesto Abreu
|
0-0: Foul Ball, location: 2F 0-1: Swinging Strike 0-2: Ball 1-2: Ball 2-2: Ball 3-2: Foul Ball, location: 2F 3-2: Base on Balls
|
|
Pinch Hitting: RHB Rob Ward
|
0-0: Ball 1-0: Foul Ball, location: 2F 1-1: Called Strike 1-2: Strikes out swinging
|
| Top of the 9th over - 0 runs, 0 hits, 0 errors, 1 left on base; Idaho Falls 0 - Mahoning Valley 12 |
|